 Dungeon Crawl Stone Soup version 0.29-a0-1009-g60c99734e7 (webtiles) character file.

Game seed: 13301575513350274504

3 vurker the Sneak (level 1, -8/14 HPs)
             Began as a Minotaur Enchanter on Aug 8, 2022.
             Mangled by a worm (10 damage)
             ... on level 1 of the Dungeon.
             The game lasted 00:00:14 (66 turns).

vurker the Sneak (Minotaur Enchanter)                 Turns: 66, Time: 00:00:15

Health: -8/14      AC:  2    Str: 12    XL:     1   Next: 41%
Magic:  1/1        EV: 12    Int: 12    God:
Gold:   0          SH:  0    Dex: 10    Spells: 2/2 levels left

rFire   . . .      SeeInvis .   a - +1 dagger
rCold   . . .      Faith    .   (no shield)
rNeg    . . .      Spirit   .   b - +0 robe
rPois   .          Reflect  .   (helmet restricted)
rElec   .          Harm     .   (no cloak)
rCorr   .          Rampage  .   (no gloves)
Will    .....                   (no boots)
Stlth   ++........              (no amulet)
HPRegen 0.04/turn               (no ring)
MPRegen 0.07/turn               (no ring)

@: no status effects
A: horns 2, retaliatory headbutt
a: no special abilities


You were on level 1 of the Dungeon.
You visited 1 branch of the dungeon, and saw 1 of its levels.

Inventory:

Hand Weapons
 a - a +1 dagger (weapon)
Armour
 b - a +0 robe (worn)
Potions
 c - 2 potions of invisibility


   Skills:
 + Level 0.2 Fighting
 * Level 1.3 Short Blades
 + Level 0.2 Armour
 + Level 2.2 Dodging
 - Level 2.4 Stealth
 - Level 1.3 Spellcasting
 - Level 2.0 Hexes


You had 2 spell levels left.
You didn't know any spells.
Your spell library contained the following spells:

 Spells                   Type           Power      Damage    Failure   Level
 Ensorcelled Hibernation  Hex/Ice        6%         N/A       28%         2
 Confusing Touch          Hex            5%         N/A       36%         3
 Tukima's Dance           Hex            5%         N/A       36%         3
 Dazzling Flash           Conj/Hex       6%         N/A       50%         3


Dungeon Overview and Level Annotations

Branches:
Dungeon (1/15)

Altars:


Innate Abilities, Weirdness & Mutations

You have a pair of horns on your head.
You reflexively headbutt those who attack you in melee.


Message History

Options error: Bad channel -- rotten_meat (~/.crawlrc:4122) Welcome, vurker the Minotaur Enchanter.
You feel drawn to the Orb of Zot, downwards into the unfathomable depths...
Found a staircase leading out of the dungeon.
Setting a skill training target for Short Blades at 10.0.
You open the door.
There is an open door here.
Found a stone staircase leading down. 2 worms come into view.
There are monsters nearby!
There are monsters nearby!
There are monsters nearby!
The helpless worm fails to defend itself.
You puncture the worm! The worm bites you!
Ouch! That really hurt!
* * * LOW HITPOINT WARNING * * *
The worm closely misses you. You furiously retaliate!
You headbutt the worm. You hit the worm. The worm bites you.
* * * LOW HITPOINT WARNING * * *
You hit the worm. You headbutt the worm. You hit the worm.
You kill the worm!
You hit the worm. You hit the worm. Your headbutt misses the worm.
The worm bites you!
Ouch! That really hurt!
You die...

≈...≈# .. #...## ... #...###
... +8.8'.# ##.### ##.##.#
####### #.....# ##.#..#####.#
#.....##..^...^ ##+#........#
#...###........
#..#.#############.###........
................@w............
####################.#........
#.#..>^.^.. #.##....... #.#
#....^# #.# #...## #.. ..##
### ##


You could see a worm.

Vanquished Creatures
  A worm (D:1)
1 creature vanquished.

Notes
Turn   | Place    | Note
-------+----------+-------------------------------------------
     0 | D:1      | vurker the Minotaur Enchanter began the quest for the Orb.
     0 | D:1      | Reached XP level 1. HP: 14/14 MP: 1/1
    66 | D:1      | Mangled by a worm

Illustrated notes

Levels and vault maps discovered:
D:1:      wander_arrival_chamber, layout_basic, hangedman_feature_mirror,
          nicolae_wormholes

Action                   || total
-------------------------++-------
Melee: Dagger            ||     6
       Headbutt          ||     1
 Stab: Sleeping          ||     1
Dodge: Dodged            ||     1

Table legend: (Time is in decaauts)
 A = Elapsed time spent in this place.
 B = Non-inter-level travel time spent in this place.
 C = Inter-level travel time spent in this place.
 D = Time resting spent in this place.
 E = Time spent auto-exploring this place.
 F = Levels seen in this place.
 G = Mean time per level.
                   A        B        C        D        E       F      G
               +--------+--------+--------+--------+--------+-----+--------+
         Total |     65 |     65 |      0 |      0 |     45 |   1 |   65.0 |
       Dungeon |     65 |     65 |      0 |      0 |     45 |   1 |   65.0 |
               +--------+--------+--------+--------+--------+-----+--------+

Top non-repeatable levels by time:
     D:1: 65 daAuts
